[Event "*** SCC Grand Prix: Titled Tuesday Blitz"]
[Site "Chess.com"]
[Date "2020.09.29"]
[Round "6"]
[White "Sjakkerntobi"]
[Black "ChessAurochs"]
[Result "0-1"]
[WhiteElo "2419"]
[BlackElo "2581"]
[TimeControl "180+1"]
[EndTime "11:06:24 PDT"]
[Termination "ChessAurochs won by checkmate"]

1. e4 e5 2. Nf3 Nc6 3. Bb5 a6 4. Ba4 g6 5. d4 exd4 6. c3 Bg7 7. cxd4 b5 8. Bc2 d5 9. exd5 Nb4 10. O-O Ne7 11. Nc3 Nbxd5 12. Nxd5 Nxd5 13. Re1+ Ne7 14. Qe2 Be6 15. Ng5 Bc4 16. Qf3 h6 17. Ne4 O-O 18. Nf6+ Kh8 19. Ng4 h5 20. Ne5 Bd5 21. Qg3 Nc6 22. Bg5 Qd6 23. Rad1 Nb4 24. Be7 Nxc2 25. Bxd6 cxd6 26. Nf3 Nxe1 27. Rxe1 Rad8 28. h3 Bxa2 29. Ng5 Bd5 30. Ne4 Rfe8 31. Qd3 f5 32. f3 fxe4 33. fxe4 Bc4 34. Qg3 Bxd4+ 35. Kh1 Kg7 36.
b3 Be5 37. Qe3 Be6 38. Rd1 Rf8 39. Rc1 Rf7 40. Qb6 Rdf8 41. Qg1 Bxb3 42. Qe1 a5 43.
Qe2 Bc4 44. Rxc4 bxc4 45. g4 hxg4 46. hxg4 Rf1+ 47. Kg2 R1f2+ 48. Qxf2 Rxf2+ 49. Kxf2 c3 50. Ke2 a4 51. Ke1 a3 52. Kd1 a2 53. Kc2 a1=Q 54. g5 Qb2+ 55. Kd3 Qd2+ 56. Kc4 Qd4+ 57. Kb3 Qc5 58.
Kc2 Bf4 59. Kd3 c2 60. Ke2 c1=Q 61. Kf3 Q1e3+ 62. Kg4 Qxg5# 0-1

[Event "*** SCC Grand Prix: Titled Tuesday Blitz"]
[Site "Chess.com"]
[Date "2020.09.29"]
[Round "6"]
[White "wonderfultime"]
[Black "Violord"]
[Result "1-0"]
[WhiteElo "2916"]
[BlackElo "2693"]
[TimeControl "180+1"]
[EndTime "11:06:25 PDT"]
[Termination "wonderfultime won by checkmate"]

1. d4 Nf6 2. Nf3 g6 3. Bg5 Bg7 4. Nbd2 d5 5. c3 O-O 6. e3 c5 7.
Bd3 Nc6 8. O-O Qb6 9. Rb1 h6 10. Bh4 Re8 11. b4 c4 12. Bc2 Bf5 13. Bxf6 Bxc2 14.
Qxc2 Bxf6 15. e4 e6 16. a4 Bg7 17. Rfe1 Qc7 18. g3 Rad8 19. Kg2 Ne7 20. h4 dxe4 21. Qxe4 Nd5 22. Rbc1 b6 23. Ne5 Bxe5 24. Qxe5 Qxe5 25. Rxe5 Rc8 26. b5 Kg7 27. Ree1 Red8 28. Nf3 a6 29.
Ne5 axb5 30. axb5 Rc7 31. h5 gxh5 32. Rh1 Nf6 33. Ra1 Rd5 34. Rhb1 Ne4 35. Ra3 f6 36.
Nc6 Nd6 37. Nd8 Re7 38. Nc6 Rd7 39. Ra6 Rxb5 40. Rc1 Rb3 41. Ra8 Ne4 42. Re1 f5 43. Ne5 Re7 44. Nxc4 b5 45. Ne3 Rxc3 46. d5 Kf6 47. dxe6 Kxe6 48. Ra6+ Kf7 49. Nxf5 Re5 50. Nd6+ Nxd6 51. Rxe5 Nc4 52. Rxb5 Rc2 53. Rb7+ Ke8 54. Ra8# 1-0

[Event "*** SCC Grand Prix: Titled Tuesday Blitz"]
[Site "Chess.com"]
[Date "2020.09.29"]
[Round "6"]
[White "ehrenfeld"]
[Black "ajgreen"]
[Result "0-1"]
[WhiteElo "2518"]
[BlackElo "2383"]
[TimeControl "180+1"]
[EndTime "11:06:25 PDT"]
[Termination "ajgreen won on time"]

1. e4 c5 2. d3 Nc6 3. f4 g6 4.
Nf3 Bg7 5. Be2 e6 6. O-O Nge7 7. c3 d6 8. Be3 b6 9. d4 cxd4 10. cxd4 d5 11. e5 O-O 12. Nc3 a6 13. Rc1 b5 14.
Bd3 Kh8 15. Qd2 Bd7 16. g4 f5 17. exf6 Bxf6 18. Ne5 Nxe5 19. fxe5 Bg7 20. Ne2 Nc6 21. Bg5 Qb6 22. Kg2 Kg8 23. Bf6 Rf7 24. h4 Raf8 25. g5 Rb8 26. Qf4 Ne7 27. h5 Nf5 28.
Bxf5 exf5 29. Bxg7 Kxg7 30. h6+ Kg8 31. Rc5 Be6 32.
Rfc1 Re7 33. Qe3 Kf7 34. Nf4 Rd8 35. Rc6 Qa5 36. a3 b4 37. Qd2 Qb5 38. R1c5 Qa4 39.
axb4 Rb8 40. b5 Rxb5 41. Rxb5 Qxb5 42. Qc3 Bd7 43. Rc5 Qa4 44. Qd2 Be6 45. Qc2 Qb4 46.
Qc3 Qa4 47. Rc7 Qd1 48. Rxe7+ Kxe7 49. Qc7+ Bd7 50. Qd6+ Ke8 51. e6 Qg4+ 52. Kf2 Bb5 53. e7 Qh4+ 0-1

[Event "*** SCC Grand Prix: Titled Tuesday Blitz"]
[Site "Chess.com"]
[Date "2020.09.29"]
[Round "6"]
[White "Guenplen"]
[Black "WIDBIFS"]
[Result "0-1"]
[WhiteElo "2867"]
[BlackElo "2662"]
[TimeControl "180+1"]
[EndTime "11:06:29 PDT"]
[Termination "WIDBIFS won on time"]

1. d4 Nf6 2. Bf4 g6 3. c3 Bg7 4. h3 O-O 5. Nd2 d6 6. Ngf3 c5 7.
dxc5 dxc5 8. e4 Nc6 9. Qc2 b6 10. Be2 Bb7 11. O-O Qc8 12. Rad1 Rd8 13. Bh2 h6 14.
Rfe1 Nd7 15. Nc4 Nf8 16. Ne3 Rxd1 17. Rxd1 Qe8 18. Nd5 Ne6 19. Bb5 Rd8 20. Qe2 Kf8 21. Bg3 Qd7 22. Rd2 Qc8 23. Qd1 Ng5 24. Nxg5 hxg5 25.
Ne3 Rxd2 26. Qxd2 Ne5 27. f3 a6 28. Be2 b5 29. Ng4 Nxg4 30. hxg4 Bh6 31. a4 c4 32.
axb5 axb5 33. Qd4 Bg7 34. Qb6 Bc6 35. Qc5 f6 36. Qb6 Bd7 37. Bc7 Kf7 38. Kf2 e5 39. Bd1 Bf8 40. Kf1 Be7 41. Be2 Bf8 42. Bd1 Be7 43.
b3 Be6 44. b4 Qd7 45. Be2 Qd2 46. Qa7 Qc1+ 47. Kf2 Qxc3 48. Bb6 Qxb4 49. Kg3 Qd6 50.
Bf1 c3 51. Bc7 Qc6 52. Be2 c2 0-1

[Event "*** SCC Grand Prix: Titled Tuesday Blitz"]
[Site "Chess.com"]
[Date "2020.09.29"]
[Round "6"]
[White "almaguerjm"]
[Black "chigorin28"]
[Result "1-0"]
[WhiteElo "2328"]
[BlackElo "2416"]
[TimeControl "180+1"]
[EndTime "11:06:29 PDT"]
[Termination "almaguerjm won by checkmate"]

1. e4 c5 2. Nf3 Nc6 3. d3 e6 4. g3 d5 5. Nbd2 Nf6 6. Bg2 Be7 7. O-O O-O 8. a4 a6 9. Re1 Rb8 10. e5 Nd7 11. Nf1 b5 12. axb5 axb5 13. g4 b4 14.
Ng3 Bb7 15. g5 c4 16. d4 c3 17. b3 Ra8 18. Be3 Rxa1 19. Qxa1 Qb6 20. Bf1 Ra8 21. Qd1 Ba6 22. Bd3 Bxd3 23. Qxd3 Ra2 24. h4 Qa6 25.
Qxa6 Rxa6 26. Rc1 Ra2 27. Ne1 Bd8 28. Nd3 Bb6 29. Ne2 f6 30. exf6 gxf6 31. gxf6 Nxf6 32. Ndf4 Kf7 33. Kf1 Ne4 34. Nd3 Kf6 35. Ke1 Kf5 36. f3 Nf6 37. Ng3+ Kg6 38. Nf4+ Kf7 39. Nfe2 e5 40. Nf5 Ke6 41. Ng7+ Kf7 42. Nf5 Kg6 43. dxe5 Bxe3 44. Nxe3 Nxe5 45. Nf4+ Kf7 46. Nfxd5 Nxf3+ 47. Kf2 Nxd5 48. Nxd5 Nd4 49. Nxb4 Ra5 50. Ke3 Nf5+ 51. Kd3 Nxh4 52. Rh1 Nf5 53. Rxh7+ Kg6 54. Rc7 Re5 55. Kxc3 Re3+ 56. Nd3 Kf6 57. b4 Ke6 58. b5 Kd6 59. Rc6+ Kd7 60. Kd2 Rh3 61. Ne5+ Kd8 62. b6 Rh7 63.
Rf6 Ne7 64. Rf8# 1-0

[Event "*** SCC Grand Prix: Titled Tuesday Blitz"]
[Site "Chess.com"]
[Date "2020.09.29"]
[Round "6"]
[White "UmarovSabir"]
[Black "Oscar-Luna"]
[Result "1-0"]
[WhiteElo "2370"]
[BlackElo "2150"]
[TimeControl "180+1"]
[EndTime "11:06:29 PDT"]
[Termination "UmarovSabir won by checkmate"]

1. e4 e6 2. d4 d5 3. Nd2 Nc6 4.
Ngf3 Nf6 5. e5 Nd7 6. c3 f6 7. exf6 Qxf6 8. Bd3 Bd6 9. Nf1 e5 10. Bg5 Qf7 11. dxe5 Ndxe5 12. Nxe5 Nxe5 13. Ne3 O-O 14. O-O c6 15. Bc2 Bd7 16. Bh4 Rae8 17. Bg3 Qf6 18. b4 Nf7 19. Qd4 Qxd4 20. cxd4 Bxg3 21. hxg3 Nd6 22. a4 a6 23. Bb3 Re4 24. Rad1 Rfe8 25. Rd2 Be6 26. Rfd1 Bf7 27. Bc2 R4e7 28. Bd3 g6 29.
Rb1 Ne4 30. Rc2 Nxf2 31. Kxf2 Rxe3 32. Bf1 Ra3 33. b5 Rxa4 34. bxc6 bxc6 35. Rxc6 Rxd4 36.
Rb7 Rd2+ 37. Kg1 Be6 38. Rcc7 Bf5 39. Rg7+ Kh8 40. Rxh7+ Kg8 41. Rbg7+ Kf8 42. Ra7 Kg8 43. Rxa6 Re1 44. Raa7 Rxf1+ 45. Kxf1 Rd1+ 46. Ke2 Rc1 47. Ke3 Rc3+ 48. Kd4 Rc4+ 49. Ke5 Re4+ 50. Kf6 Re8 51. Rhg7+ Kf8 52. Raf7# 1-0

[Event "*** SCC Grand Prix: Titled Tuesday Blitz"]
[Site "Chess.com"]
[Date "2020.09.29"]
[Round "6"]
[White "chessdjw"]
[Black "Sanan_Sjugirov"]
[Result "0-1"]
[WhiteElo "2634"]
[BlackElo "2844"]
[TimeControl "180+1"]
[EndTime "11:06:31 PDT"]
[Termination "Sanan_Sjugirov won by resignation"]

1. c4 e5 2. d3 d6 3. g3 f5 4.
Bg2 Nf6 5. Nc3 Be7 6. e4 fxe4 7. dxe4 O-O 8. Nge2 Be6 9. b3 c6 10. h3 Na6 11.
Be3 Nc7 12. O-O Qd7 13. Kh2 Qe8 14. Qd2 Qh5 15. f3 d5 16. cxd5 cxd5 17. exd5 Ncxd5 18. Nxd5 Nxd5 19. Nc3 Bb4 20. Qxd5 Bxd5 21. Nxd5 Bd6 22. Nc3 a6 23. Ne4 Be7 24. Rad1 Rfd8 25. Bb6 Rxd1 26.
Rxd1 Qg6 27. Be3 Rd8 28. Rc1 Qe6 29. h4 Kh8 30. Rc7 Re8 31. Rxb7 h6 32. Bh3 Qc6 33. Ra7 Qc2+ 34. Bg2 Qxa2 35. Rb7 a5 36. h5 Bb4 37.
Kh3 Qxb3 38. Bc5 Qe6+ 39. g4 Bxc5 40. Nxc5 Qc6 41. f4 Qxc5 42. g5 Qe3+ 43. Kh2 Qxf4+ 44. Kh1 Qxg5 45. Rc7 Qxh5+ 46. Kg1 Qg5 47. Rc2 Rd8 48. Re2 e4 49. Rxe4 Rf8 50. Kh2 Qh5+ 51. Kg3 Qc5 52. Rg4 Qd6+ 53. Kh3 Qd3+ 54. Rg3 Qf5+ 55. Kh2 Qf4 56.
Kh3 Qxg3+ 57. Kxg3 a4 58. Bd5 a3 0-1

[Event "*** SCC Grand Prix: Titled Tuesday Blitz"]
[Site "Chess.com"]
[Date "2020.09.29"]
[Round "6"]
[White "K_A_S_T_O_R"]
[Black "jefferyx"]
[Result "0-1"]
[WhiteElo "2711"]
[BlackElo "2950"]
[TimeControl "180+1"]
[EndTime "11:06:32 PDT"]
[Termination "jefferyx won by resignation"]

1. e4 e6 2. d4 d5 3. Nc3 Bb4 4. e5 b6 5. Bd2 Ne7 6. Nf3 O-O 7. Bd3 Bxc3 8. Bxc3 h6 9. O-O c5 10. Bd2 Ba6 11.
Bxa6 Nxa6 12. c3 Qd7 13. Qe2 Nc7 14. a4 Rfc8 15. b4 cxb4 16. cxb4 b5 17. Rfc1 bxa4 18. Rc5 Rab8 19. Qd1 Na6 20. Rxc8+ Nxc8 21. Qxa4 Qxa4 22. Rxa4 Nc7 23. Kf1 Rb7 24. Ke2 Nb6 25. Ra2 Nc4 26. Be1 Kf8 27. Kd3 Ke8 28. Bc3 Nb5 29. Ne1 Rc7 30.
Ba1 Kd7 31. Ke2 Nca3 32. Nd3 Rc2+ 33. Rxc2 Nxc2 34. Nc5+ Kc6 35. Bb2 Nxb4 36. Kd2 Kc7 37. Bc3 Nc6 38. Kd3 Nxc3 39. Kxc3 Kb6 40. f4 a5 41. g4 Kb5 42. Nb7 Kb6 43. Nd6 Nd8 44. Ne8 g6 45. Nd6 Kc6 46. Ne8 Kd7 47. Nf6+ Kc6 48.
Ne8 Nb7 49. h4 Kb5 50. Nf6 a4 51. Ng8 Na5 52. Nxh6 a3 53. Nxf7 Ka4 54. Nd6 Nb3 55. f5 a2 56. fxe6 a1=Q+ 0-1

[Event "*** SCC Grand Prix: Titled Tuesday Blitz"]
[Site "Chess.com"]
[Date "2020.09.29"]
[Round "6"]
[White "ExcitingTrap"]
[Black "Vamostodorecto"]
[Result "1/2-1/2"]
[WhiteElo "2292"]
[BlackElo "2387"]
[TimeControl "180+1"]
[EndTime "11:06:35 PDT"]
[Termination "Game drawn by repetition"]

1. e4 e5 2. Nf3 Nc6 3. Bc4 Bc5 4. c3 d6 5. d4 exd4 6. cxd4 Bb6 7. O-O Bg4 8. Be3 Nf6 9. Nc3 Bxf3 10. gxf3 Qd7 11. Kh1 Qh3 12. Rg1 O-O 13. Rg3 Qh5 14. Ne2 d5 15. Nf4 Qh4 16. Rh3 Qxh3 17. Nxh3 dxc4 18. Nf4 Nxd4 19. Bxd4 Rad8 20. Qc2 Rxd4 21. Rg1 Rfd8 22. Nh3 c6 23. Qc1 g6 24. Qg5 Kg7 25. e5 Nd5 26.
f4 h6 27. Qh4 Re8 28. Rg3 Rxe5 29. Rg4 Rf5 30. Qg3 Bc7 31. Kg2 Nxf4+ 32. Nxf4 Rdxf4 33. Qc3+ Kg8 34. Rxf4 Rxf4 35. Qe3 Kg7 36. Qxa7 Rg4+ 37.
Kf1 Bxh2 38. Qxb7 h5 39. Qxc6 Be5 40. Qd5 Bxb2 41. a4 c3 42. Qd3 Rxa4 43. Kg2 Rg4+ 44.
Kf1 h4 45. Qc2 h3 46. Ke2 h2 47. Qd1 Rg1 48. Qd4+ Kg8 49. Qd8+ Kg7 50. Qd4+ f6 51.
Qd7+ Kh6 52. Qh3+ Kg7 53. Qd7+ Kf8 54. Qd8+ Kf7 55. Qd7+ Kg8 56. Qd8+ Kg7 57. Qd7+ 1/2-1/2

[Event "*** SCC Grand Prix: Titled Tuesday Blitz"]
[Site "Chess.com"]
[Date "2020.09.29"]
[Round "6"]
[White "DenLaz"]
[Black "BillieKimbah"]
[Result "0-1"]
[WhiteElo "2812"]
[BlackElo "2928"]
[TimeControl "180+1"]
[EndTime "11:06:40 PDT"]
[Termination "BillieKimbah won by checkmate"]

1. d4 d5 2. c4 c6 3. Nf3 Nf6 4. Qc2 g6 5. e3 Bf5 6. Bd3 Bxd3 7. Qxd3 Bg7 8. O-O O-O 9. Nc3 e6 10. b3 Nbd7 11. Bb2 Re8 12. Rfd1 a6 13. Rac1 Rc8 14. Ne2 Ne4 15. Qc2 Qe7 16. Nf4 Rcd8 17. Nd3 Qf6 18. a4 h5 19. b4 Qf5 20. cxd5 exd5 21. b5 cxb5 22. axb5 axb5 23. Qc7 g5 24. Qxb7 g4 25. Nh4 Qf6 26. g3 Nb6 27. Rc6 Rd6 28. Rxd6 Qxd6 29. Nf5 Qf6 30. Nxg7 Kxg7 31. Nf4 Kh6 32.
Rc1 Nc4 33. Qxb5 Rd8 34. Ba1 Qd6 35. Rxc4 dxc4 36. Qxh5+ Kg7 37. d5+ c3 38. Qxg4+ Kf8 39. Qf5 c2 40. Bb2 Qb4 41. Ne6+ Ke8 42. Nxd8 Qxb2 43. Qxf7+ Kxd8 44. Qf8+ Kc7 45. Qe7+ Kb6 46. Qd8+ Kc5 47. Qa5+ Kc4 48. Qa6+ Kc3 49. Qa5+ Qb4 50. Qa1+ Kd2 51. Kg2 c1=Q 52. Qa2+ Qc2 53. Qa1 Kd3 54. Qf1+ Qe2 55. Qb1+ Qxb1 56. Kh3 Qxf2 57. Kh4 Qf5 58. g4 Qg5+ 59. Kh3 Qf1# 0-1

[Event "*** SCC Grand Prix: Titled Tuesday Blitz"]
[Site "Chess.com"]
[Date "2020.09.29"]
[Round "6"]
[White "BocharovD"]
[Black "Msb2"]
[Result "1-0"]
[WhiteElo "2811"]
[BlackElo "2913"]
[TimeControl "180+1"]
[EndTime "11:06:41 PDT"]
[Termination "BocharovD won on time"]

1. c4 e5 2. d3 Bb4+ 3. Nd2 c5 4. Nf3 Nc6 5. g3 Nge7 6. Bg2 O-O 7. O-O Ba5 8. Qc2 d6 9. a3 h6 10. e3 Bf5 11. Rb1 Qd7 12. Ne4 Rac8 13. Qa4 Bb6 14. b4 cxb4 15. axb4 d5 16. cxd5 Nxd5 17. b5 Nce7 18.
Nxe5 Qe6 19. Bb2 Bh3 20. Nc4 Bxg2 21. Kxg2 Nf5 22. Kh1 Rfe8 23. Qb3 Ndxe3 24. fxe3 Nxe3 25. Rf4 f5 26. Ned2 Qd5+ 27. Nf3 g5 28. Qc3 Re7 29. Nxe3 Bxe3 30. Qh8+ Kf7 31. Qf6+ Ke8 32. Rxf5 Qxd3 33. Re1 Rc2 34. Re5 Rxe5 35. Qxe5+ Kd7 36. Qxe3 Qxe3 37. Rxe3 Rxb2 38. Re5 Kd6 39. Rf5 Ke6 40. g4 Kd6 41. Ne5 Rb1+ 42. Kg2 Rxb5 43. Nf7+ Kc6 44. Nd8+ Kb6 45.
Rf6+ Ka5 46. Rxh6 Kb4 47. Kf3 a5 48. Rh7 b6 49. Ra7 a4 50. Nc6+ Kc5 51. Ne5 Kd4 52.
Nc6+ Kc5 53. Ne5 Kd4 54. Nf7 Rb3+ 55. Ke2 b5 56. Nxg5 a3 57. Nf3+ Kc3 58. Nd2 1-0

[Event "*** SCC Grand Prix: Titled Tuesday Blitz"]
[Site "Chess.com"]
[Date "2020.09.29"]
[Round "6"]
[White "aNaartjieZA"]
[Black "Ladislav1969"]
[Result "1/2-1/2"]
[WhiteElo "2509"]
[BlackElo "2363"]
[TimeControl "180+1"]
[EndTime "11:06:42 PDT"]
[Termination "Game drawn by repetition"]

1. e4 c5 2. Nf3 e6 3. d3 Nc6 4. g3 g6 5. Bg2 Bg7 6. O-O Nge7 7. Re1 d6 8. c3 O-O 9. Nbd2 b5 10. Nf1 Bb7 11. d4 cxd4 12. cxd4 d5 13. e5 b4 14. Bg5 Qb6 15. Ne3 Rfc8 16. h4 Re8 17. Qd2 Nf5 18. Nxf5 exf5 19. Bh6 Rac8 20. Bxg7 Kxg7 21. h5 Nd8 22. Qg5 Ne6 23. h6+ Kg8 24. Qf6 Qd8 25. Qxd8 Rexd8 26. Rec1 Ba6 27. Bf1 Bxf1 28.
Kxf1 Rc4 29. b3 Rc3 30. Rxc3 bxc3 31. Rc1 Rc8 32. Ke2 f6 33. Kd3 fxe5 34. Nxe5 c2 35. Rxc2 Rxc2 36. Kxc2 Nxd4+ 37. Kd3 Ne6 38. Nc6 a6 39. Ne7+ Kf7 40. Nxd5 g5 41. Nb4 Nc7 42.
Kd4 Kg6 43. Ke5 a5 44. Nd5 Nxd5 45. Kxd5 Kxh6 46. a3 Kg6 47. b4 h5 48. b5 h4 49.
gxh4 gxh4 50. b6 h3 51. b7 h2 52. b8=Q h1=Q+ 53. Kd4 Qd1+ 54. Ke3 Qc1+ 55. Ke2 Qxa3 56. Qb6+ Kg5 57. Qd8+ Kg6 58. Qg8+ Kf6 59. Qh8+ Ke6 60. Qg8+ Ke5 61. Qg7+ Ke6 62. Qg8+ Ke5 63. Qg7+ Ke6 64. Qg6+ Ke5 65. Qe8+ Kf6 66. Qh8+ Ke6 67. Qg8+ 1/2-1/2

[Event "*** SCC Grand Prix: Titled Tuesday Blitz"]
[Site "Chess.com"]
[Date "2020.09.29"]
[Round "6"]
[White "tsvet2005"]
[Black "BilodeauA"]
[Result "0-1"]
[WhiteElo "2649"]
[BlackElo "2890"]
[TimeControl "180+1"]
[EndTime "11:06:43 PDT"]
[Termination "BilodeauA won by resignation"]

1. d4 d5 2. c4 dxc4 3. e3 e5 4. Bxc4 Nc6 5. Nf3 e4 6. Nfd2 Qg5 7. g3 Nf6 8. Nc3 Qg6 9. a3 Bd6 10. b4 O-O 11. Qc2 Bf5 12. Bb2 Nxd4 13. exd4 e3 14.
Qc1 exd2+ 15. Qxd2 Rfe8+ 16. Be2 Ne4 17. Nxe4 Bxe4 18. O-O Bd5 19. Rae1 Re6 20. f4 f5 21. Qc2 c6 22. Bc4 Rae8 23. Bxd5 cxd5 24. Rxe6 Qxe6 25. Qd3 Qe2 26. Qxf5 Qe4 27. Qxe4 Rxe4 28.
Kf2 Re8 29. Re1 Rc8 30. Rc1 Re8 31. Re1 Rc8 32. Re6 Rc2+ 33. Re2 Rc4 34. Re6 Rc2+ 35.
Re2 Rc7 36. Ke3 Kf7 37. Kd3 b5 38. Rc2 Ke6 39. Re2+ Kf7 40. Rc2 h5 41. Bc1 Rxc2 42.
Kxc2 Ke6 43. Kd3 Kf5 44. h3 g5 45. g4+ hxg4 46. hxg4+ Kxg4 47. fxg5 Kf5 48. Be3 Be7 49. Bf2 Bxg5 50. Be1 a6 51. Bc3 Kg4 52. Be1 Kf3 53. Bc3 Bc1 54. Be1 Bxa3 55. Bd2 Bb2 56. Bg5 Kf2 57. Bd2 Kf1 58. Bg5 Ke1 59. Bf6 Kd1 60. Bg5 Bc1 61. Bf6 Bd2 62. Be7 Be1 63. Bc5 Kc1 64. Bd6 Kb2 65. Ke2 Bc3 66. Kd3 Kb3 0-1

[Event "*** SCC Grand Prix: Titled Tuesday Blitz"]
[Site "Chess.com"]
[Date "2020.09.29"]
[Round "6"]
[White "SophieNikoladze"]
[Black "Gerodot71"]
[Result "1-0"]
[WhiteElo "2305"]
[BlackElo "2457"]
[TimeControl "180+1"]
[EndTime "11:06:43 PDT"]
[Termination "SophieNikoladze won by resignation"]

1. d4 Nf6 2. Nf3 d5 3. e3 c5 4. b3 Nc6 5. Bd3 cxd4 6. exd4 Bg4 7. Bb2 e6 8. O-O Be7 9. Nbd2 O-O 10. a3 Rc8 11.
Qe1 Bh5 12. Ne5 Nxe5 13. dxe5 Nd7 14. b4 Bg6 15. Bd4 Qc7 16. Bxg6 hxg6 17. c3 Nb6 18. f4 Nc4 19. Nf3 b6 20. g4 a5 21. Qg3 axb4 22. axb4 Ra8 23. Kh1 Qb7 24. f5 Rxa1 25. Rxa1 Ra8 26. Rg1 Ra2 27. f6 gxf6 28. exf6 Bd6 29.
Qh3 Qc7 30. Qh6 Bf8 31. Qh4 Bd6 32. Rg2 Ra1+ 33. Rg1 Ra2 34. h3 Bf4 35. g5 Bd6 36. Qg4 Ne5 37. Bxe5 Bxe5 38. Qh4 Bd6 39. Qh6 Bf8 40. Qh4 Qxc3 41. Qg3 Ra3 42. Kg2 Qd3 43. Rc1 Ra2+ 44. Kh1 Ra3 45. Kg2 Ra2+ 46. Kh1 Qe4 47. Rc8 Ra3 48. Kg2 Ra2+ 49. Kh1 Qb1+ 50. Ng1 Qe4+ 51.
Qf3 Qxf3+ 52. Nxf3 Rb2 53. Ne5 Rxb4 54. Nd7 Rh4 55.
Rxf8+ Kh7 56. Rxf7+ Kg8 57. Rg7+ Kh8 58. Rxg6 Rxh3+ 59. Kg2 Rh4 60. f7 Rf4 61. Rf6 1-0

[Event "*** SCC Grand Prix: Titled Tuesday Blitz"]
[Site "Chess.com"]
[Date "2020.09.29"]
[Round "6"]
[White "DarZay"]
[Black "GMaka"]
[Result "0-1"]
[WhiteElo "2098"]
[BlackElo "2365"]
[TimeControl "180+1"]
[EndTime "11:06:43 PDT"]
[Termination "GMaka won on time"]

1. e4 c6 2. d4 d5 3. Nc3 dxe4 4.
Nxe4 Nf6 5. Ng3 Bf5 6. Nxf5 Qa5+ 7. Bd2 Qxf5 8. Nf3 e6 9. Bd3 Qg4 10. O-O Bd6 11. h3 Qh5 12. c4 Nbd7 13. c5 Bc7 14.
Be2 O-O 15. Ne5 Qh4 16. Nf3 Qe4 17. Bg5 h6 18. Bd3 Qd5 19. Be3 e5 20. b3 e4 21.
Bc4 Qf5 22. Nh4 Qh7 23. g4 Nd5 24. Nf5 Rae8 25. Qd2 Nxe3 26. fxe3 Nf6 27. Qg2 Nd5 28. Rae1 g6 29. Nh4 Qg7 30. Kh1 Bd8 31. Qg3 Bxh4 32. Qxh4 g5 33. Qg3 f5 34. Rxf5 Rxf5 35. gxf5 Qf6 36.
Qg4 Re7 37. Bxd5+ cxd5 38. Rf1 Kh7 39. Qg3 h5 40. Qd6 Qxd6 41. cxd6 Rd7 42. Rc1 Kh6 43.
Rc7 Rxd6 44. Rxb7 Rf6 45. Rxa7 Rxf5 46. b4 Rf3 47. b5 Rxh3+ 48. Kg2 Rxe3 49. b6 Re2+ 50.
Kf1 Rb2 51. a4 Rxb6 52. a5 Rb2 53. Rd7 Ra2 54. Rxd5 e3 55. Rd6+ Kg7 56. Rd5 Kg6 57.
Re5 e2+ 0-1

[Event "*** SCC Grand Prix: Titled Tuesday Blitz"]
[Site "Chess.com"]
[Date "2020.09.29"]
[Round "6"]
[White "Vesper2018"]
[Black "Zkid"]
[Result "0-1"]
[WhiteElo "2616"]
[BlackElo "2821"]
[TimeControl "180+1"]
[EndTime "11:06:44 PDT"]
[Termination "Zkid won on time"]

1. e4 e6 2. d4 d5 3. e5 c5 4. c3 Nc6 5. Nf3 Bd7 6. Be2 Nge7 7.
Na3 cxd4 8. cxd4 Nf5 9. Nc2 Qb6 10. O-O Na5 11. b3 Bb5 12. Bb2 Be7 13. Rc1 O-O 14. Ne3 Nxe3 15. fxe3 Rac8 16. Qd2 Qa6 17. Bxb5 Qxb5 18. Bc3 Nc6 19. Rc2 Nb4 20. Bxb4 Bxb4 21. Qc1 Ba3 22. Qd2 Bb4 23. Qc1 Ba3 24. Qd2 h6 25. g4 Be7 26. Rfc1 Qd7 27. Ne1 Ba3 28. Rxc8 Rxc8 29. Rc2 Rc6 30. Nd3 Qc7 31. Rxc6 Qxc6 32. Kg2 b6 33. Kf3 a5 34. Kg2 a4 35. Kf3 axb3 36. axb3 Be7 37. Qc1 Qb5 38. Qc8+ Bf8 39. Qc2 Qa6 40. h4 Qa1 41. Kg2 Be7 42. h5 Bg5 43. Qc8+ Kh7 44. Qc2 Qa8 45. Kf3 Kg8 46.
Nf4 Qa6 47. Kf2 Bh4+ 48. Kg2 Be1 49. Nd3 Bh4 50. Nb4 Qb5 51. Qc8+ Kh7 52. Qc2+ Kg8 53.
Qc8+ Kh7 54. Qc2+ g6 55. hxg6+ fxg6 56. Qc7+ Kg8 57. Qc8+ Kf7 58. Qc7+ Be7 59. Nc6 Qe2+ 60. Kg3 Qxe3+ 61. Kg2 Qe2+ 62. Kg3 Qe1+ 63. Kg2 Qh4 64.
Nxe7 Qxg4+ 65. Kf2 Qh4+ 66. Ke3 Qxe7 67. Qxb6 h5 0-1

[Event "*** SCC Grand Prix: Titled Tuesday Blitz"]
[Site "Chess.com"]
[Date "2020.09.29"]
[Round "6"]
[White "elohunter1999"]
[Black "Dr-Bassem"]
[Result "0-1"]
[WhiteElo "2483"]
[BlackElo "2770"]
[TimeControl "180+1"]
[EndTime "11:06:45 PDT"]
[Termination "Dr-Bassem won on time"]

1. e4 e5 2. Nf3 Nc6 3. Bb5 a6 4. Ba4 Nf6 5. O-O Be7 6. Re1 b5 7. Bb3 d6 8. c3 O-O 9. h3 Nb8 10. d4 Nbd7 11. c4 Bb7 12. Nc3 c6 13. a3 exd4 14.
Nxd4 Ne5 15. cxb5 axb5 16. Nf5 Re8 17. Bg5 h6 18. Bxf6 Bxf6 19. Qh5 g6 20. Qxh6 gxf5 21. Re3 f4 22. Qxf4 Kg7 23. Qg3+ Ng6 24. Rd1 Be5 25. Qf3 Qf6 26. Qe2 Nf4 27. Rg3+ Kh7 28. Qf3 Rg8 29. Kh1 Rg6 30. Rxg6 fxg6 31. g3 Nh5 32. Qxf6 Nxf6 33. f3 Bxg3 34. Kg2 Be5 35. Rd2 g5 36. Ne2 Nh5 37. Kf2 Nf4 38. Ng3 Nxh3+ 39. Kg2 Nf4+ 40. Kf2 Bc8 41. Nf1 Kg7 42. Ne3 Kf6 43. Ke1 Bd7 44.
Kd1 Rh8 45. Kc2 Rh3 46. Rf2 Rh1 47. a4 bxa4 48. Bxa4 Bd4 49. Kd2 Bxe3+ 50. Kxe3 Re1+ 51. Kd2 Rb1 52. Kc3 Rg1 53. Rd2 Rg3 54. Rxd6+ Ke7 55.
Rh6 Rxf3+ 56. Kd4 g4 57. Bxc6 Bxc6 58. Rxc6 g3 59. Rc7+ Kd6 60. Rg7 Ne6+ 0-1

[Event "*** SCC Grand Prix: Titled Tuesday Blitz"]
[Site "Chess.com"]
[Date "2020.09.29"]
[Round "6"]
[White "Steven_Rojas"]
[Black "xberli"]
[Result "1/2-1/2"]
[WhiteElo "2457"]
[BlackElo "2605"]
[TimeControl "180+1"]
[EndTime "11:06:45 PDT"]
[Termination "Game drawn by repetition"]

1. c4 Nf6 2. Nc3 g6 3. d4 d5 4. cxd5 Nxd5 5. Na4 Bg7 6. e4 Nb6 7. Nxb6 axb6 8. Nf3 O-O 9. Be2 c5 10. d5 e6 11. O-O exd5 12. exd5 Nd7 13. Bg5 Nf6 14.
Bc4 Qd6 15. Bh4 Ne4 16. Qb3 Bg4 17. Rad1 Rfe8 18. Rfe1 Qf4 19. Bg3 Nxg3 20. hxg3 Qd6 21. Bb5 Rxe1+ 22. Rxe1 Bxf3 23. gxf3 Bd4 24. Kg2 Kg7 25. Re4 h5 26. Bc4 Rd8 27. Qc2 Rd7 28. a4 Re7 29. b3 Re5 30. f4 Re7 31. Qe2 Rxe4 32. Qxe4 Qf6 33. Be2 h4 34. Bf3 hxg3 35. fxg3 Qd6 36. b4 Bf6 37. bxc5 bxc5 38. Qc4 b6 39. g4 Bd4 40. Kg3 g5 41. Qd3 Qxf4+ 42. Kg2 Be5 43. Be4 Qh2+ 44. Kf1 Qf4+ 45. Qf3 Qxf3+ 46.
Bxf3 Bc7 47. Ke2 Kf6 48. d6 Bxd6 49. Bd5 Ke7 50. Kd3 f6 51. Ke4 Be5 52. Bc4 Kd6 53. Bb5 Bd4 54. Bc4 Be5 55. Bb5 c4 56. Bxc4 Kc5 57. Bb5 Kb4 58. Kf5 Bd4 59. Be8 Be5 60. Bb5 Kc5 61. Be8 Kd4 62. Bb5 Kc3 63. Be8 Kb3 64. Bb5 Kb4 65. Be8 Ka5 66. Bb5 Kb4 67.
Be8 Kc3 68. Bb5 Kd2 69. Be8 Ke3 70. Bb5 Kf3 71. Be8 Ke3 72. Bb5 Kd4 73. Be8 Kc5 74. Bb5 Kb4 1/2-1/2

[Event "*** SCC Grand Prix: Titled Tuesday Blitz"]
[Site "Chess.com"]
[Date "2020.09.29"]
[Round "6"]
[White "LionTheLeon_06"]
[Black "Snegokhod"]
[Result "1/2-1/2"]
[WhiteElo "2600"]
[BlackElo "2411"]
[TimeControl "180+1"]
[EndTime "11:06:45 PDT"]
[Termination "Game drawn by repetition"]

1. g3 c5 2. Bg2 g6 3. c4 Bg7 4. Nc3 e6 5. e3 Ne7 6. Nge2 O-O 7.
O-O d5 8. cxd5 Nxd5 9. Nxd5 exd5 10. d4 cxd4 11. Nxd4 Nc6 12. Nxc6 bxc6 13. Qc2 Qb6 14. e4 Be6 15. Be3 Qxb2 16. Qxb2 Bxb2 17. Rab1 Bc3 18. exd5 Bxd5 19. Bxd5 cxd5 20. Rfd1 Rfd8 21. Bd4 Bxd4 22. Rxd4 Rac8 23. Rb7 a6 24. Rb6 Rc4 25. Rxc4 dxc4 26. Rc6 Rd2 27. a4 Rc2 28. Rxa6 c3 29. Rc6 Kf8 30.
a5 Ke7 31. a6 Ra2 32. Rxc3 Rxa6 33. Kg2 h5 34. h4 Kf6 35. Kf3 Ra4 36. Re3 Rb4 37.
Re4 Rb3+ 38. Kf4 Rb2 39. Kf3 Rb3+ 40. Re3 Rb2 41. Rd3 Rb5 42. Rd4 Rb3+ 43. Ke4 Rb2 44. Ke3 Rb3+ 45. Rd3 Rb2 46. Kf3 Rb4 47. Ra3 Rb6 48.
Rc3 Ra6 49. Rc4 Rb6 50. Kf4 Ra6 51. Rb4 Rc6 52. Ra4 Rb6 53. Rd4 Rb2 54. f3 Rb5 55.
Ra4 Rf5+ 56. Ke4 Re5+ 57. Kf4 Rf5+ 58. Ke3 Re5+ 59. Re4 Ra5 60. Rb4 Re5+ 61. Kd4 Re1 62. Kd3 Rg1 63. g4 hxg4 64. fxg4 Rg3+ 65. Ke2 Rh3 66.
g5+ Kf5 67. Kf2 Rc3 68. Rb7 Ke6 69. Rb6+ Ke7 70. Kg2 Rd3 71. Ra6 Rd6 72. Ra7+ Ke6 73. Kg3 Rd3+ 74. Kg4 Rd4+ 75. Kg3 Rd3+ 76. Kg4 Rd4+ 77.
Kg3 Rd3+ 1/2-1/2